 Dungeon Crawl Stone Soup version 0.17.0-25-gefc9c12 (console) character file.

87 gw the Firebug (level 4, -4/38 HPs)
             Began as a Deep Dwarf Fire Elementalist on Nov 19, 2015.
             Slain by an ogre
             ... wielding a +0 giant club
              (28 damage)
             ... on level 4 of the Dungeon.
             The game lasted 00:05:36 (3966 turns).

gw the Firebug (Deep Dwarf Fire Elementalist)       Turns: 3966, Time: 00:05:36

Health: -4/38      AC:  6    Str: 11      XL:     4   Next: 28%
Magic:  0/7        EV: 11    Int: 17      God:
Gold:   110        SH:  0    Dex: 10 (13) Spells: 3 memorised, 1 level left

rFire  . . .     SeeInvis .     a - +0 short sword
rCold  . . .     Clarity  .     h - +0 leather armour
rNeg   . . .     SustAt   .     (no shield)
rPois  .         Gourm    .     (no helmet)
rElec  .         Spirit   .     i - +0 cloak
rCorr  .         Warding  .     (no gloves)
rMut   .         Stasis   .     (no boots)
MR     .....                    (no amulet)
Stlth  ++........               (no ring)
                                n - +2 ring of protection

@: very slightly contaminated, non-regenerating, not resistant to hostile
enchantments, unstealthy
A: damage resistance, recharge devices, sense surroundings 1, slow regeneration
3
a: Device Recharging


You were on level 4 of the Dungeon.
You were hungry.

You visited 1 branch of the dungeon, and saw 4 of its levels.

You collected 110 gold pieces.

Inventory:

Hand Weapons
 a - a +0 short sword (weapon)
Armour
 h - a +0 leather armour (worn)
 i - a +0 cloak (worn)
Jewellery
 n - a +2 ring of protection (left hand)
Wands
 c - a wand of heal wounds (1)
 e - a wand of fire (0)
Scrolls
 j - a scroll of remove curse
Potions
 k - 2 potions of brilliance
 m - a potion of curing
Books
 b - a book of Flames

   Spells                             Type                      Level
   a - Flame Tongue                   Conjuration/Fire             1
   b - Throw Flame                    Conjuration/Fire             2
   c - Conjure Flame                  Conjuration/Fire             3
   d - Inner Flame                    Hexes/Fire                   3
   e - Sticky Flame                   Conjuration/Fire             4
   f - Fireball                       Conjuration/Fire             5
Comestibles
 d - 3 bread rations


   Skills:
 + Level 1.3 Fighting
 + Level 2.1 Armour
 - Level 2.1 Dodging
 - Level 2.4 Stealth
 * Level 2.5 Spellcasting
 - Level 0.8 Conjurations
 + Level 3.0 Fire Magic
 - Level 1.0 Evocations


You had one spell level left.
You knew the following spells:

 Your Spells              Type           Power        Failure   Level  Hunger
a - Flame Tongue          Conj/Fire      #....        12%         1    #......
b - Throw Flame           Conj/Fire      #.....       17%         2    ##.....
c - Sticky Flame          Conj/Fire      #.......     91%         4    #####..


Dungeon Overview and Level Annotations

Branches:
Dungeon (4/15)
 Temple: D:4-7

Altars:
Sif Muna

Annotations:
D:4 gw's ghost, amateur DDSu


Innate Abilities, Weirdness & Mutations

You are resistant to damage.
You can recharge devices by infusing magical energy.
You passively map a small area around you.
You do not regenerate naturally.


Message History

Aim: gw's ghost (moderately damaged)
The flame tongue hits gw's ghost.
Gw's ghost appears unharmed.
Gw's ghost is moderately damaged.
Gw's ghost hits you. The ogre hits you with a giant club!!
Evoke which item? (* to show all) (? for menu, Esc to quit)
Zapping:
c - a wand of heal wounds (2)
Press: ? - help, Shift-Dir - straight line, f - you, p - gw's ghost You feel much better.
This wand has 1 charge left.
Gw's ghost hits you.
FLEEEEING!
ATTACK MOVE TO (-1,1)
You closely miss gw's ghost.
Gw's ghost is moderately damaged.
The ogre hits you with a giant club! Gw's ghost hits you.
FLEEEEING!
ATTACK MOVE TO (-1,1)
You hit gw's ghost but do no damage.
Gw's ghost is moderately damaged.
The ogre hits you with a giant club!!
Ouch! That really hurt!
You die...

, * *** , ,, , *
, * , , , , , ,
** * #### ## #.g#
.... , #WO# .....
, #.* #..# ....#
, #.#+
#..##...)##
#....,#.........#
, #....
+......>..#
#.#..##..###...##
#)#..##'####...#*
*
#.$.....<........
,


You could see an ogre and gw's ghost.

Table legend:
 A = Turns spent in this place as a percentage of turns spent in the entire game.
 B = Non-inter-level travel turns spent in this place as a percentage of non-inter-level travel turns spent in the entire game.
 C = Inter-level travel turns spent in this place as a percentage of turns spent in this place.
 D = Turns resting spent in this place as a percentage of non-inter-level travel turns spent in this place.
 E = Turns spent auto-exploring this place as a percentage of non-inter-level travel turns spent in this place.
 F = Non-inter-level travel turns spent in this place divided by the number of levels of this place that you've seen.
                   A       B       C       D       E      F
               +-------+-------+-------+-------+-------+----------------------
         Total | 100.0 | 100.0 |   0.8 |   2.7 |   2.7 | 950.2
       Dungeon | 100.0 | 100.0 |   0.8 |   2.7 |   2.7 | 950.2
               +-------+-------+-------+-------+-------+----------------------

Table legend:
 A = Kills in this place as a percentage of kills in entire the game.
 B = Kills by you in this place as a percentage of kills by you in the entire game.
 C = Kills by friends in this place as a percentage of kills by friends in the entire game.
 D = Other kills in this place as a percentage of other kills in the entire game.
 E = Experience gained in this place as a percentage of experience gained in the entire game.
 F = Experience gained in this place divided by the number of levels of this place that you have seen.
                   A       B       C       D       E      F
               +-------+-------+-------+-------+-------+----------------------
         Total | 100.0 | 100.0 |  -nan |  -nan | 100.0 |  31.2
       Dungeon | 100.0 | 100.0 |  -nan |  -nan | 100.0 |  31.2
               +-------+-------+-------+-------+-------+----------------------

Vanquished Creatures
  An adder (D:2)
  2 oozes
  6 worms
  2 bats (D:1)
  6 giant cockroaches
  8 goblins
  5 hobgoblins
  2 jackals (D:3)
  5 kobolds
  A quokka (D:2)
  A ball python (D:3)
  2 giant geckos (D:3)
  7 giant newts
  5 rats
53 creatures vanquished.

Notes
Turn   | Place    | Note
--------------------------------------------------------------
     0 | D:1      | gw the Deep Dwarf Fire Elementalist began the quest for the Orb.
     0 | D:1      | Reached XP level 1. HP: 15/15 MP: 3/3
   448 | D:1      | Reached skill level 1 in Armour
   448 | D:1      | Reached skill level 1 in Evocations
   448 | D:1      | Reached XP level 2. HP: 22/22 MP: 0/5
   503 | D:1      | Learned a level 2 spell: Throw Flame
  1401 | D:2      | Reached XP level 3. HP: 20/30 MP: 0/6
  1954 | D:2      | Reached skill level 1 in Fighting
  2844 | D:3      | Reached XP level 4. HP: 35/38 MP: 2/7
  2898 | D:3      | Learned a level 4 spell: Sticky Flame
  3278 | D:3      | Found a deep blue altar of Sif Muna.
  3283 | D:3      | Became a worshipper of Sif Muna the Loreminder
  3284 | D:3      | Fell from the grace of Sif Muna
  3511 | D:3      | Reached skill level 3 in Fire Magic
  3844 | D:3      | Learned a level 1 spell: Flame Tongue
  3873 | D:4      | Noticed gw's ghost (amateur DDSu)
  3875 | D:4      | Noticed an ogre
  3960 | D:4      | HP: 1/38 [ogre/giant club (13)]
  3966 | D:4      | Slain by an ogre

Action                   |  1- 3 |  4- 6 || total
-------------------------+-------+-------++-------
Melee: Club              |     3 |       ||     3
       Short sword       |    49 |    37 ||    86
 Cast: Flame Tongue      |    33 |    22 ||    55
       Throw Flame       |    31 |     8 ||    39
Invok: Renounce Religion |       |     1 ||     1
Evoke: Wand              |     2 |     6 ||     8
  Use: Scroll            |     4 |     2 ||     6
       Potion            |     4 |     2 ||     6
  Eat: Chunk             |     9 |     4 ||    13

Vault maps used:
D:1:      dpeg_arrival_connections, st_stairs_14
D:2:      first_bread
D:3:      lemuel_doored_altar, gup_sewer_entry_spiral
D:4:      serial_bayou_pond_b
